 Dungeon Crawl Stone Soup version 0.29-a0-732-g3d7fbe0af2 (webtiles) character file.

Game seed: 9272636387321889347

33 bande the Covered (level 3, 0/23 HPs)
             Began as a Gargoyle Fighter on June 30, 2022.
             Slain by a gnoll
             ... wielding a +0 spear of flaming
              (5 damage)
             ... on level 2 of the Dungeon.
             The game lasted 00:02:04 (1647 turns).

bande the Covered (Gargoyle Fighter)                Turns: 1647, Time: 00:02:04

Health: 0/23       AC: 12    Str: 19    XL:     3   Next: 29%
Magic:  3/3        EV:  7    Int:  8    God:
Gold:   78         SH:  4    Dex: 11    Spells: 2/2 levels left

rFire   . . .      SeeInvis .   a - +0 war axe
rCold   . . .      Faith    .   c - +0 buckler
rNeg    + . .      Spirit   .   f - +0 chain mail
rPois   ∞          Reflect  .   (no helmet)
rElec   +          Harm     .   (no cloak)
rCorr   .          Rampage  .   (no gloves)
Will    .....                   (no boots)
Stlth   ..........              (no amulet)
HPRegen 0.07/turn               (no ring)
MPRegen 0.08/turn               (no ring)

@: no status effects
A: sickness immunity, AC +3, negative energy resistance 1, electricity
resistance, torment resistance 1, petrification resistance
a: no special abilities


You were on level 2 of the Dungeon.
You visited 1 branch of the dungeon, and saw 2 of its levels.

You collected 78 gold pieces.

Inventory:

Hand Weapons
 a - a +0 war axe (weapon)
Armour
 c - a +0 buckler (worn)
 f - a +0 chain mail (worn)
Jewellery
 b - an amulet of magic regeneration
Scrolls
 h - a scroll of fear
Potions
 d - a potion of might
 e - a potion of berserk rage {unknown}
 i - a potion of curing


   Skills:
 + Level 3.5 Fighting
 + Level 2.0 Axes
 + Level 3.9 Armour
 + Level 3.8 Shields


You had 2 spell levels left.
You didn't know any spells.
Your spell library was empty.

Dungeon Overview and Level Annotations

Branches:
Dungeon (2/15)

Altars:

Shops:
D:1 (


Innate Abilities, Weirdness & Mutations

You are immune to sickness and miasma.
Your stone body is resilient. (AC +3)
You are immune to poison.
You resist negative energy. (rN+)
You are resistant to electric shocks. (rElec)
You are resistant to unholy torment.
You are immune to petrification.


Message History

There is a stone staircase leading up here.
The gnoll hits you from afar with a +0 spear of flaming.
The gnoll burns you. You block the gnoll's attack.
The gnoll hits you but does no damage. x2
You closely miss the gnoll. You hit the gnoll but do no damage.
The gnoll hits you but does no damage. x2
You hit the gnoll but do no damage. You slash the gnoll!
The gnoll hits you but does no damage. You block the gnoll's attack.
The gnoll hits you but does no damage. x2
The gnoll hits you but does no damage. You block the gnoll's attack.
The gnoll completely misses you. The gnoll hits you but does no damage.
There is a stone staircase leading up here.
The gnoll barely misses you. The gnoll misses you.
You climb upwards.
There is a stone staircase leading down here.
You start resting.
HP restored.
You start waiting.
Done waiting.
You climb downwards.
There is a stone staircase leading up here.
The gnoll hits you from afar with a +0 spear of flaming.
The gnoll burns you. The gnoll hits you but does no damage.
The gnoll hits you with a +0 spear of flaming.
The gnoll burns you. The gnoll hits you but does no damage.
You hit the gnoll but do no damage. You closely miss the gnoll.
The gnoll hits you with a +0 spear. The gnoll hits you but does no damage.
You barely miss the gnoll. You closely miss the gnoll.
The gnoll barely misses you. You block the gnoll's attack.
The gnoll closely misses you. The gnoll hits you but does no damage.
You closely miss the gnoll. You hit the gnoll. The gnoll completely misses you.
The gnoll hits you with a +0 spear of flaming.
* * * LOW HITPOINT WARNING * * *
The gnoll burns you.
* * * LOW HITPOINT WARNING * * *
You closely miss the gnoll. You barely miss the gnoll.
The gnoll closely misses you.
The gnoll hits you with a +0 spear of flaming.
You die...

. .. # ... .. ####..
####.# #... .. #....#
###.# ..#
#..###.g.######. #..##
#....g@.........
##...##.....##<...>...
#..........#########..
#...........#
#....K....>.###
#<............#
#..........##...#
#......[...####..# ...
####........... ......


You could see 2 gnolls and a kobold (wandering).

Vanquished Creatures
  A gnoll (D:2)
  An ufetubus (D:2)
  2 endoplasms
  5 goblins (D:1)
  A hobgoblin (D:1)
  A quokka (D:1)
  2 ball pythons (D:1)
  A bat (D:1)
  A frilled lizard (D:1)
  4 rats
19 creatures vanquished.

Notes
Turn   | Place    | Note
-------+----------+-------------------------------------------
     0 | D:1      | bande the Gargoyle Fighter began the quest for the Orb.
     0 | D:1      | Reached XP level 1. HP: 14/14 MP: 1/1
    77 | D:1      | Found a faded altar of an unknown god.
   284 | D:1      | Found Modwull's Antique Weapon Shoppe.
   350 | D:1      | Reached XP level 2. HP: 19/19 MP: 2/2
  1037 | D:2      | Reached XP level 3. HP: 23/23 MP: 3/3
  1647 | D:2      | Slain by a gnoll

Illustrated notes

Levels and vault maps discovered:
D:1:      beargit_arrival_diablo_church, layout_basic,
          hellmonk_ecumenical_altar_crossroads, serial_shops,
          nicolae_shop_advertising_works [nicolae_subvault_shop_adworks]
D:2:      layout_rooms, uniq_sigmund

Skill      XL: |  1  2  3 |
---------------+----------+-----
Axes           | 2 |  2.0
Fighting       | |  3.5
Armour         | |  3.9
Shields        | |  3.8

Action                   || total
-------------------------++-------
Melee: War axe           ||    59
  Use: Scroll            ||     4
Armor: Chain mail        ||    56
Dodge: Dodged            ||    38
Block: Buckler           ||    20

Table legend: (Time is in decaauts)
 A = Elapsed time spent in this place.
 B = Non-inter-level travel time spent in this place.
 C = Inter-level travel time spent in this place.
 D = Time resting spent in this place.
 E = Time spent auto-exploring this place.
 F = Levels seen in this place.
 G = Mean time per level.
                   A        B        C        D        E       F      G
               +--------+--------+--------+--------+--------+-----+--------+
         Total |   1675 |   1652 |     23 |    552 |    871 |   2 |  837.5 |
       Dungeon |   1675 |   1652 |     23 |    552 |    871 |   2 |  837.5 |
               +--------+--------+--------+--------+--------+-----+--------+

Top non-repeatable levels by time:
     D:1: 1496 daAuts
     D:2: 178 daAuts
